 Dungeon Crawl Stone Soup version 0.14-a0-2162-g062a2ce (webtiles) character file.

4325 4tharraofdagon the Firebug (level 10, -4/49 HPs)
             Began as a Vine Stalker Fire Elementalist on Jan 28, 2014.
             Was a Priest of Okawaru.
             Slain by a six-headed hydra (6 damage)
             ... on Level 1 of the Lair of Beasts.
             The game lasted 00:23:42 (2533 turns).

4tharraofdagon the Firebug (VSFE)                   Turns: 2533, Time: 00:23:43

HP  -4/49        AC  2     Str 12      XL: 10   Next: 25%
MP   0/25        EV 14     Int 17      God: Okawaru [***...]
Gold 251         SH  0     Dex 15      Spells:  4 memorised,  8 levels left

rFire  . . .     SeeInvis .     x - +1,+3 great sword
rCold  . . .     Clarity  +     a - +0 robe
rNeg   . . .     Conserve .     (no shield)
rPois  .         rCorr    .     (no helmet)
rElec  .         rRot     +     (no cloak)
SustAb . .       Spirit   +     (no gloves)
rMut   .         Warding  .     (no boots)
Saprov . . .     Stasis   .     H - amulet of clarity
MR     +....                    (no ring)
                                (no ring)

@: very slightly contaminated, somewhat resistant to hostile enchantments,
fairly stealthy
A: fangs 3, regeneration 2, magic shield, antimagic bite, no device heal
a: Heroism, Renounce Religion


You were on level 1 of the Lair of Beasts.
You worshipped Okawaru.
Okawaru was most pleased with you.
You were not hungry.

You visited 3 branches of the dungeon, and saw 11 of its levels.

You collected 251 gold pieces.

Inventory:

Hand weapons
 o - a +0,+0 scythe
 x - a +1,+3 great sword (weapon)
 y - a -1,-2 falchion
 J - a +4,+0 elven long sword
Missiles
 k - 7 poisoned darts (quivered)
 n - 12 steel darts
 t - 12 darts
 E - 15 darts of frost
Armour
 a - a +0 robe (worn)
 d - a +0 orcish shield
Magical devices
 l - a wand of lightning (2)
 u - a wand of digging (16)
 A - a wand of fireball (0)
 F - a wand of draining (2)
 G - a wand of random effects (14)
Comestibles
 c - 5 bread rations
 C - a meat ration
Scrolls
 e - 3 scrolls of teleportation
 g - a scroll of recharging {unknown}
 h - a scroll of enchant weapon II
 i - a scroll of curse jewellery {unknown}
 q - a scroll of enchant armour {unknown}
 r - 2 scrolls of noise
 s - a scroll of curse weapon {unknown}
 w - a scroll of identify
 B - a scroll of fog {unknown}
 D - a scroll of random uselessness {unknown}
Jewellery
 H - an amulet of clarity (around neck)
Potions
 m - 6 potions of curing {unknown}
 p - 3 potions of restore abilities {unknown}
 v - a potion of might {unknown}
 z - a potion of heal wounds {unknown}
 I - a potion of agility {unknown}
Books
 b - a book of Flames

   Spells                             Type                      Level
   *Flame Tongue                      Conjuration/Fire             1
   Throw Flame                        Conjuration/Fire             2
   *Conjure Flame                     Conjuration/Fire             3
   Inner Flame                        Hexes/Fire                   3
   *Sticky Flame                      Conjuration/Fire             4
   *Fireball                          Conjuration/Fire             5
Magical staves
 j - an uncursed staff of earth
Miscellaneous
 f - a plain deck of changes


   Skills:
 + Level 3.7 Fighting
 * Level 5.4 Long Blades
 + Level 3.0 Armour
 + Level 3.9 Dodging
 - Level 2.4 Stealth
 + Level 6.1 Spellcasting
 - Level 6.0 Conjurations
 - Level 7.1 Fire Magic
 + Level 2.7 Invocations


You had 8 spell levels left.
You knew the following spells:

 Your Spells              Type           Power        Failure   Level  Hunger
a - Flame Tongue          Conj/Fire      ####.        1%          1    None
b - Conjure Flame         Conj/Fire      ####....     2%          3    ##.....
c - Sticky Flame          Conj/Fire      ####....     10%         4    ####...
d - Fireball              Conj/Fire      ####......   24%         5    #####..


Dungeon Overview and Level Annotations

Branches:
Dungeon (8/16)             Temple (1/1) D:6            Lair (2/8) D:8

Altars:
Ashenzari
Dithmengos
Elyvilon
Fedhas
Kikubaaqudgha
Makhleb
Nemelex Xobeh
Okawaru
Sif Muna
Trog
Vehumet
Xom
Yredelemnul
Zin
The Shining One


Innate Abilities, Weirdness & Mutations

You have razor-sharp teeth.
You heal very quickly.
When hurt, damage is shared between your health and your magic reserves.
Your bite disrupts and absorbs the magic of your enemies.
Potions and wands cannot restore your HP.


Message History

Press: ? - help, Shift-Dir - straight line, f/p - six-headed hydra
Aim: a six-headed hydra (lightly wounded)
The bolt of negative energy hits the six-headed hydra.
The six-headed hydra is drained!
The six-headed hydra is moderately wounded.
Casting: Flame Tongue
Confirm with . or Enter, or press ? or * to list all spells.
Aiming: Sticky Flame
Press: ? - help, Shift-Dir - straight line, f/p - six-headed hydra
Aim: a six-headed hydra (moderately wounded)
You miscast Sticky Flame.
You are very lightly contaminated with residual magic.
Your skin tingles.
The six-headed hydra bites you. The six-headed hydra misses you.
The six-headed hydra bites you! The six-headed hydra bites you!
* * * LOW HITPOINT WARNING * * *
The six-headed hydra bites you!
* * * LOW HITPOINT WARNING * * *
The six-headed hydra bites you.
You die...

##..## ##....## ..
..##......###...
...#........f....
...................
##...#........#
...............##...
........#.D%......#
...........@.......#
...................#
#..................#
#..................#
#......>...........
#..................
#................
........#.......
.......###.....


You could see a six-headed hydra.

Vanquished Creatures
  A hydra (Lair:1)
  A spiny frog (Lair:1)
  The ghost of braverobin the Ruffian, an experienced VSMo of Cheibriados (D:5)
  3 yaks (D:8)
  A deep elf fighter (D:8)
  A porcupine (Lair:1)
  3 sky beasts
  An ice beast (D:5)
  3 centaurs
  A phantom (D:4)
  Sigmund (D:4)
  Duvessa (D:8)
  3 giant frogs
  12 wights
  Dowan (D:8)
  2 jellies
  2 crimson imps
  3 hounds
  2 iguanas
  2 scorpions
  5 worker ants
  A sky beast zombie (D:7)
  A hound zombie (D:8)
  2 green rats (D:8)
  A giant centipede (Lair:1)
  5 adders
  An inept feature mimic (D:8)
  A worm (D:4)
  An orc zombie (D:6)
  13 orcs
  A bat skeleton (D:6)
  A bat zombie (D:6)
  A giant cockroach (D:8)
  6 goblins
  14 hobgoblins
  7 jackals
  3 kobolds
  13 bats
  A giant newt (D:2)
  A giant spore (D:6)
  A goblin skeleton (D:5)
  A hobgoblin skeleton (D:6)
  A hobgoblin zombie (D:7)
  A kobold skeleton (D:5)
  16 rats
144 creatures vanquished.

Vanquished Creatures (others)
  An ogre skeleton (D:6)
1 creature vanquished.

Grand Total: 145 creatures vanquished

Notes
Turn   | Place    | Note
--------------------------------------------------------------
     0 | D:1      | 4tharraofdagon, the Vine Stalker Fire Elementalist, began the quest for the Orb.
     0 | D:1      | Reached XP level 1. HP: 9/9 MP: 3/3
    60 | D:2      | Found a sparkling altar of Nemelex Xobeh.
    76 | D:2      | Reached XP level 2. HP: 8/13 MP: 0/5
   253 | D:4      | Noticed Sigmund
   256 | D:4      | Killed Sigmund
   256 | D:4      | Reached skill level 4 in Fire Magic
   256 | D:4      | Reached XP level 3. HP: 16/16 MP: 5/7
   256 | D:4      | Reached XP level 4. HP: 21/21 MP: 6/9
   257 | D:4      | Noticed a phantom
   277 | D:3      | Learned a level 3 spell: Conjure Flame
   282 | D:3      | Learned a level 4 spell: Sticky Flame
   300 | D:4      | Killed a phantom
   300 | D:4      | Reached XP level 5. HP: 24/24 MP: 2/13
   526 | D:4      | Gained mutation: You heal very quickly. [vine stalker growth]
   526 | D:4      | Reached XP level 6. HP: 28/28 MP: 2/15
   582 | D:4      | Reached skill level 5 in Fire Magic
   732 | D:5      | Entered Level 5 of the Dungeon
   821 | D:5      | Reached XP level 7. HP: 32/32 MP: 5/17
   888 | D:5      | Noticed braverobin's ghost (experienced VSMo)
   903 | D:5      | Killed braverobin's ghost
   903 | D:5      | Reached skill level 6 in Fire Magic
   917 | D:5      | Learned a level 5 spell: Fireball
   998 | D:6      | Reached skill level 5 in Conjurations
  1133 | D:5      | Gained mutation: You have razor-sharp teeth. [vine stalker growth]
  1133 | D:5      | Reached XP level 8. HP: 28/37 MP: 7/20
  1161 | D:6      | Found a radiant altar of Vehumet.
  1244 | D:6      | Reached skill level 1 in Long Blades
  1253 | D:6      | Found a staircase to the Ecumenical Temple.
  1276 | Temple   | Entered the Ecumenical Temple
  1325 | Temple   | Became a worshipper of Warmaster Okawaru
  1344 | D:6      | Reached skill level 1 in Fighting
  1599 | D:7      | Acquired Okawaru's first power
  1599 | D:7      | Reached skill level 1 in Armour
  1790 | D:7      | Found a bloodstained altar of Trog.
  1827 | D:8      | Reached skill level 5 in Spellcasting
  1827 | D:8      | Reached XP level 9. HP: 29/42 MP: 12/22
  1978 | D:8      | Reached skill level 7 in Fire Magic
  2084 | D:8      | Noticed Duvessa
  2085 | D:8      | Noticed Dowan
  2103 | D:8      | Killed Duvessa
  2119 | D:8      | Killed Dowan
  2174 | D:8      | Reached skill level 1 in Invocations
  2360 | D:8      | Found a staircase to the Lair.
  2376 | Lair:1   | Entered Level 1 of the Lair of Beasts
  2376 | Lair:1   | Noticed a spiny frog
  2387 | Lair:1   | Killed a spiny frog
  2475 | Lair:2   | Reached XP level 10. HP: 49/49 MP: 24/24
  2502 | Lair:1   | Reached skill level 5 in Long Blades
  2504 | Lair:1   | Noticed a seven-headed hydra
  2515 | Lair:1   | Killed a seven-headed hydra
  2517 | Lair:1   | Noticed a six-headed hydra
  2533 | Lair:1   | HP: 2/49 [six-headed hydra (9)]
  2533 | Lair:1   | Slain by a six-headed hydra

Action                   |  1- 3 |  4- 6 |  7- 9 | 10-12 || total
-------------------------+-------+-------+-------+-------++-------
Melee: Unarmed           |     8 |       |       |       ||     8
       Staff             |       |     2 |       |       ||     2
       Scythe            |       |    27 |    19 |       ||    46
       Great sword       |       |       |   148 |     1 ||   149
       Falchion          |       |       |     8 |       ||     8
 Cast: Flame Tongue      |    10 |    36 |    62 |     2 ||   110
       Conjure Flame     |       |     7 |     8 |     3 ||    18
       Sticky Flame      |       |     1 |    23 |     2 ||    26
Invok: Heroism           |       |       |     3 |       ||     3
Evoke: Wand              |     3 |     1 |     3 |     3 ||    10
  Use: Scroll            |       |       |    10 |       ||    10
 Stab: Sleeping          |       |     1 |     4 |       ||     5
       Distracted        |       |       |     1 |       ||     1
